 Dungeon Crawl Stone Soup version 0.28.0-49-g6dfe1f597d (webtiles) character file.

Game seed: 11816636011510269750

93 GigaChad the Covered (level 4, 0/40 HPs)
             Began as a Minotaur Fighter on May 12, 2022.
             Slain by a gnoll
             ... wielding a +1 flail of holy wrath
              (4 damage)
             ... on level 2 of the Dungeon.
             The game lasted 00:03:11 (1694 turns).

GigaChad the Covered (Minotaur Fighter)             Turns: 1694, Time: 00:03:12

Health: 0/40       AC:  7    Str: 20    XL:     4   Next: 36%
Magic:  3/3        EV:  9    Int:  5    God:
Gold:   65         SH:  5    Dex: 12    Spells: 3/3 levels left

rFire   . . .      SeeInvis .   a - +0 long sword
rCold   . . .      Faith    .   c - +0 buckler
rNeg    . . .      Spirit   .   b - +0 scale mail
rPois   .          Reflect  .   (helmet restricted)
rElec   .          Harm     .   (no cloak)
rCorr   .          Rampage  .   (no gloves)
Will    .....                   (no boots)
Stlth   ..........              (no amulet)
HPRegen 0.13/turn               (no ring)
MPRegen 0.08/turn               (no ring)

@: no status effects
A: horns 2, retaliatory headbutt
a: no special abilities


You were on level 2 of the Dungeon.
You visited 1 branch of the dungeon, and saw 2 of its levels.

You collected 65 gold pieces.

Inventory:

Hand Weapons
 a - a +0 long sword (weapon)
Armour
 b - a +0 scale mail (worn)
 c - a +0 buckler (worn)
 f - an orb of guile
Scrolls
 g - a scroll of teleportation {unknown}
Potions
 d - a potion of might
 e - a potion of curing {unknown}
 h - 2 potions of degeneration {unknown}
 i - a potion of ambrosia {unknown}
 j - a potion of lignification {unknown}


   Skills:
 + Level 4.2 Fighting
 + Level 3.9 Long Blades
 + Level 4.5 Armour
 + Level 4.1 Shields


You had 3 spell levels left.
You didn't know any spells.
Your spell library was empty.

Dungeon Overview and Level Annotations

Branches:
Dungeon (2/15)

Altars:
Ru


Innate Abilities, Weirdness & Mutations

You have a pair of horns on your head.
You reflexively headbutt those who attack you in melee.


Message History

The frilled lizard bites you but does no damage.
You block the gnoll's attack.
The gnoll hits you with a +1 flail of holy wrath!
Things that are here:
a +0 spear; a gnoll corpse You barely miss the gnoll.
The gnoll barely misses you.
The gnoll hits you with a +1 flail of holy wrath.
You block the frilled lizard's attack.
You completely miss the gnoll. The gnoll hits you with a +0 whip.
The gnoll closely misses you. You furiously retaliate!
You headbutt the gnoll!
The frilled lizard bites you but does no damage.
The gnoll hits you with a +0 whip.
The gnoll hits you with a +1 flail of holy wrath.
You slash the gnoll! You headbutt the gnoll.
You kill the gnoll!
The frilled lizard bites you.
* * * LOW HITPOINT WARNING * * *
The gnoll hits you with a +1 flail of holy wrath.
* * * LOW HITPOINT WARNING * * *
You block the frilled lizard's attack.
You hit the frilled lizard.
You kill the frilled lizard!
The gnoll hits you with a +1 flail of holy wrath.
* * * LOW HITPOINT WARNING * * *
The worm barely misses you. You furiously retaliate!
You headbutt the worm, but do no damage.
You block the gnoll's attack.
You slash the worm!
The worm is heavily wounded.
The gnoll hits you with a +1 flail of holy wrath.
* * * LOW HITPOINT WARNING * * *
The worm misses you.
You slash the worm!
You kill the worm!
The gnoll closely misses you. The gnoll barely misses you.
You see here a worm corpse.
You closely miss the gnoll.
The gnoll is heavily wounded.
The gnoll hits you with a +1 flail of holy wrath.
You die...

.........# #.#.# ########.#
#.#.############ ...#...#.#######
#.#............< ...............#
#.##############
##.#.#.#.#####.###.#
...#.........#.....##############
##.........#.#.######...........#
#.......#.#.########...........#
###....>w.......@g.w†....)).....#
.................................
...##.##.#.#.########............
...#.....#..... #............
......####.#..... #............
..##.#####.#...... #............
.................. #............
...............<## #............
............


You could see a worm and a gnoll.

Vanquished Creatures
  2 gnolls (D:2)
  2 adders (D:2)
  2 worms (D:2)
  An endoplasm (D:1)
  4 giant cockroaches (D:1)
  5 goblins (D:1)
  6 hobgoblins
  4 jackals (D:1)
  4 kobolds (D:1)
  4 quokkas
  A ball python (D:1)
  3 bats
  5 frilled lizards
  5 rats
48 creatures vanquished.

Notes
Turn   | Place    | Note
-------+----------+-------------------------------------------
     0 | D:1      | GigaChad the Minotaur Fighter began the quest for the Orb.
     0 | D:1      | Reached XP level 1. HP: 19/19 MP: 0/0
    99 | D:1      | Reached XP level 2. HP: 16/27 MP: 1/1
   643 | D:1      | Reached XP level 3. HP: 33/33 MP: 2/2
  1124 | D:2      | Found a sacrificial altar of Ru.
  1538 | D:2      | Reached XP level 4. HP: 40/40 MP: 3/3
  1694 | D:2      | Slain by a gnoll

Illustrated notes

Levels and vault maps discovered:
D:1:      psy_arrival_fountain, layout_loops_ring, minmay_quantized
D:2:      layout_basic, basic_altar

Skill      XL: |  1  2  3 |
---------------+----------+-----
Armour         | 4 |  4.5
Shields        | 4 |  4.1
Long Blades    | 3 |  3.9
Fighting       | 4 |  4.2

Action                   |  1- 3 |  4- 6 || total
-------------------------+-------+-------++-------
Melee: Long sword        |    83 |     9 ||    92
       Headbutt          |    15 |     2 ||    17
Armor: Scale mail        |    44 |     4 ||    48
Dodge: Dodged            |    60 |     6 ||    66
Block: Buckler           |    20 |     4 ||    24
